Map: Turbo Cruise '84 LE

Players

DrBear

  • Race: Protoss Protoss
  • League: Diamond
  • Spawn Location: 3:00

DarwinAwdWnr - Winner!

  • Race: Zerg Zerg
  • League: Gold
  • Spawn Location: 7:00

VOD

Have the link to the VOD?

Description

Time

  • Played on: June 2, 2019, 10:30 p.m.
  • Length: 12:05
Show
View Real Time Build Order
Export as new Build Order

DrBear Protoss 

Build Orders: 1 Gate Expand 

Get SALT Encoding   

  12  0:00  Probe  
  13  0:13  Probe  
  14  0:20  Pylon  
  14  0:25  Probe  
  15  0:38  Probe  
  16  0:43  Gateway  
  16  0:50  Probe  
  17  1:02  Probe  
  18  1:14  Probe  
  19  1:26  Probe  
  19  1:30  Assimilator  
  20  1:36  Assimilator  
  20  1:37  Nexus  
  20  1:42  Cybernetics Core  
  20  1:50  Probe  
  21  1:58  Probe  
  21  2:07  Probe  
  22  2:09  Gateway  
  22  2:12  Pylon  
  22  2:14  Warp Gate  
  23  2:22  Stalker  
  23  2:24  Pylon  
  23  2:30  Probe  
  26  2:37  Shield Battery  
  26  2:42  Probe  
  27  2:46  Probe  
  28  2:51  Sentry  
  28  2:54  Probe  
  31  3:05  Probe, Pylon  
  31  3:06  Probe  
  31  3:09  Pylon  
  33  3:14  Adept  
  33  3:18  Sentry  
  38  3:20  Probe x2  
  39  3:31  Robotics Facility  
  39  3:35  Probe x2  
  41  3:42  Assimilator  
  41  3:45  Sentry  
  41  3:47  Probe x2  
  45  3:49  Adept  
  47  3:59  Probe x2  
  49  4:11  Probe x2  
  49  4:12  Sentry  
  51  4:29  Immortal  
  46  4:35  Probe  
  46  4:36  Probe  
  46  4:37  Stalker  
  39  4:48  Probe x2  
  39  4:52  Stalker  
  38  5:00  Probe x2  
  38  5:06  Adept  
  34  5:12  Probe  
  35  5:24  Stalker, Probe  
  38  5:35  Probe  
  38  5:40  Probe  
  38  5:41  Observer  
  39  5:43  Probe  
  39  5:48  Probe  
  42  5:52  Adept  
  42  5:53  Adept  
  42  5:55  Probe  
  47  5:58  Probe  
  49  6:07  Probe  
  49  6:08  Observer  
  49  6:10  Probe  
  52  6:17  Assimilator  
  52  6:19  Probe  
  52  6:22  Probe  
  52  6:24  Adept x2  
  58  6:32  Probe, Gateway x2  
  59  6:34  Probe  
  60  6:40  Warp Prism  
  60  6:45  Probe  
  60  6:46  Probe  
  64  6:58  Probe x2  
  64  7:00  Twilight Council  
  66  7:07  Stalker x2  
  70  7:29  Pylon  
  70  7:31  Pylon  
  70  7:38  Blink  
  70  7:43  Nexus  
  70  7:44  Pylon  
  70  7:47  Probe x2  
  70  7:49  Pylon  
  70  7:50  Pylon  
  72  7:56  Forge  
  72  7:57  Forge  
  72  7:59  Probe x2  
  72  8:01  Stalker  
  72  8:05  Stalker  
  78  8:08  Sentry x2  
  78  8:09  Protoss Ground Armor Level 1, Protoss Ground Weapons Level 1  
  82  8:16  Shield Battery  
  82  8:35  Photon Cannon  
  82  8:36  Shield Battery  
  82  8:39  Photon Cannon  
  82  8:40  Probe x2  
  84  8:52  Probe x2  
  86  8:57  Stalker x4  
  94  9:04  Probe  
  94  9:05  Photon Cannon  
  94  9:06  Photon Cannon  
  94  9:08  Probe x2  
  97  9:16  Probe  
  98  9:22  Templar Archives  
  98  9:23  Stalker x2  
  102  9:28  Probe x2  
  102  9:30  Photon Cannon  
  93  9:46  Stalker x3  
  93  9:47  Stalker  
  89  10:05  Probe x2  
  89  10:06  Probe  
  92  10:13  Probe  
  92  10:15  Photon Cannon  
  92  10:17  Probe  
  92  10:18  Probe  
  95  10:21  Probe  
  96  10:29  Probe  
  96  10:30  Probe  
  96  10:32  Probe, Shield Battery  
  96  10:34  Photon Cannon  
  99  10:41  Stalker, Probe  
  99  10:42  Probe  
  99  10:55  High Templar  
  99  10:56  High Templar  
  103  11:00  High Templar  
  105  11:08  Archon  
  105  11:10  High Templar  
  107  11:11  Probe  
  107  11:14  Assimilator, Probe  
  107  11:15  Probe, Assimilator  
  110  11:19  Probe  
  110  11:23  Archon  
  111  11:26  Probe  
  111  11:27  Probe  
  111  11:29  Probe  
  111  11:32  High Templar x2  
  118  11:39  Probe x2  
  116  11:41  Probe  
  103  11:51  Probe  
  103  11:53  Probe  
Show
View Real Time Build Order
Export as new Build Order

DarwinAwdWnr Zerg - Winner!

Build Orders: Hatch First 

Get SALT Encoding   

  12  0:01  Drone  
  13  0:08  Drone  
  14  0:18  Overlord  
  14  0:36  Drone  
  14  0:37  Drone x2  
  17  0:55  Hatchery  
  16  1:00  Drone x2  
  16  1:03  Extractor  
  18  1:11  Drone  
  18  1:24  Spawning Pool  
  17  1:36  Drone x2  
  19  1:41  Overlord  
  19  2:09  Drone x3  
  19  2:11  Queen  
  19  2:14  Lair  
  24  2:17  Zergling x2  
  24  2:21  Zergling x2  
  26  2:31  Extractor  
  25  2:47  Drone  
  25  2:48  Drone x4  
  30  2:52  Metabolic Boost  
  30  2:58  Queen  
  30  3:00  Overlord  
  30  3:04  Zergling x4  
  34  3:23  Nydus Network  
  33  3:28  Zergling x2  
  33  3:29  Zergling x10  
  33  3:32  Overlord  
  39  3:40  Zergling x2  
  39  3:41  Zergling x2  
  41  3:47  Zergling x2  
  41  3:48  Zergling x2  
  43  3:52  Zergling x2  
  44  4:02  Nydus Canal  
  44  4:05  Zergling x8  
  44  4:08  Queen  
  45  4:35  Zergling x2  
  45  4:36  Zergling x12  
  44  4:50  Zergling x2  
  44  4:51  Zergling x2  
  41  4:57  Zergling x2  
  41  4:58  Zergling x2  
  34  5:08  Zergling x4  
  35  5:22  Drone  
  35  5:23  Drone x3  
  39  5:38  Spire  
  39  5:39  Drone, Hatchery  
  39  5:40  Drone x4  
  39  5:42  Extractor  
  41  5:44  Extractor  
  40  5:56  Drone x2  
  40  5:57  Drone x3  
  45  6:10  Queen  
  47  6:31  Overlord  
  47  6:32  Overlord  
  47  6:33  Extractor  
  46  6:44  Drone  
  46  6:45  Drone x5  
  52  6:57  Drone  
  52  6:58  Drone x6  
  59  7:10  Drone  
  59  7:11  Drone x7  
  59  7:12  Queen  
  69  7:20  Overlord x2  
  69  7:27  Overlord x2  
  68  7:44  Extractor  
  68  7:50  Mutalisk x2  
  68  7:51  Mutalisk x6  
  83  8:04  Mutalisk x5  
  93  8:09  Zerg Flyer Armor Level 1  
  93  8:16  Mutalisk x2  
  97  8:27  Overlord  
  97  8:54  Mutalisk x4  
  105  8:57  Overlord  
  105  8:58  Overlord  
  105  9:22  Mutalisk  
  105  9:23  Mutalisk x7  
  117  10:03  Mutalisk x3  
  119  10:13  Overlord  
  119  10:14  Overlord x2  
  117  10:36  Mutalisk x11  
  131  10:58  Mutalisk x4  
  131  11:00  Overlord x3  
  139  11:07  Hatchery  
  138  11:16  Overlord x2, Evolution Chamber  
  138  11:17  Evolution Chamber  
  136  11:26  Hatchery  
  136  11:27  Mutalisk  
  136  11:28  Mutalisk x4  
  145  11:35  Zergling x10  
  145  11:36  Zergling x2  
Tags
 
Add a new tag
Caveats
  • Supply blocks, unpowered buildings, or Contaminate may cause inaccurate times.
  • Supply counts are checked every 10 seconds.